 Dungeon Crawl Stone Soup version 0.25-a0-285-gcba6f664f8 (webtiles) character file.

Game seed: 4512934061236961004, levelgen mode: classic

1612 Hasart the Thaumaturge (level 8, -1/41 HPs)
             Began as a Deep Elf Wizard on July 24, 2019.
             Was a Follower of Vehumet.
             Slain by an orc (4 damage)
             ... on level 7 of the Dungeon on Dec 11, 2019.
             The game lasted 00:15:16 (7379 turns).

Hasart the Thaumaturge (Deep Elf Wizard)            Turns: 7379, Time: 00:15:17

Health: -1/41      AC:  2    Str:  4    XL:     8   Next: 63%
Magic:  22/22      EV: 15    Int: 26    God:    Vehumet [*.....]
Gold:   337        SH:  4    Dex: 13    Spells: 14/23 levels left

rFire    . . .     SeeInvis .   j - +4 whip (holy)
rCold    . . .     Gourm    .   k - +0 buckler
rNeg     . . .     Faith    .   a - +0 robe
rPois    .         Spirit   .   b - +0 hat
rElec    .         Reflect  .   l - scarf {repulsion}
rCorr    .         Harm     .   (no gloves)
MR       .....                  (no boots)
Stlth    ++........             (no amulet)
HPRegen  0.13/turn              (no ring)
MPRegen  0.18/turn              (no ring)

@: repel missiles
A: no striking features
a: Renounce Religion


You were on level 7 of the Dungeon.
You worshipped Vehumet.
Vehumet was aware of your devotion.
You were near starving.

You visited 1 branch of the dungeon, and saw 7 of its levels.

You collected 337 gold pieces.

Inventory:

Hand Weapons
 j - a +4 whip of holy wrath (weapon)
Armour
 a - a +0 robe (worn)
 b - a +0 hat (worn)
 k - a +0 buckler (worn)
 l - a scarf of repulsion (worn)
 w - a cursed +0 pair of gloves
 y - the cursed +0 ring mail of Wajy {MR+ Int+2}
   (You found it on level 6 of the Dungeon)

   It affects your intelligence (+2).
   It affects your resistance to hostile enchantments.
   It has a curse placed upon it.
Magical Staves
 B - an uncursed staff of conjuration
Wands
 p - a wand of polymorph (10)
 x - a wand of flame (16)
Scrolls
 c - 2 scrolls of enchant weapon
 e - 2 scrolls of magic mapping {unknown}
 g - 4 scrolls of identify
 h - a scroll of random uselessness {unknown}
 i - 2 scrolls of teleportation {unknown}
 m - 4 scrolls of remove curse
 n - 3 scrolls of blinking {unknown}
 q - 4 scrolls of immolation {unknown}
 F - a scroll of fear {unknown}
Potions
 f - a potion of flight {unknown}
 o - a potion of agility {unknown}
 r - 3 potions of curing {unknown}
 s - a potion of haste
 t - 3 potions of resistance {unknown}
 u - 2 potions of magic {unknown}
 v - a potion of ambrosia {unknown}
 z - 3 potions of lignification {unknown}
 A - a potion of brilliance {unknown}
 C - a potion of heal wounds {unknown}
 D - 2 potions of might {unknown}
Comestibles
 d - 9 rations


   Skills:
 + Level 6.5 Dodging
 - Level 2.4 Stealth
 + Level 3.1 Shields
 + Level 8.0 Spellcasting
 * Level 7.9 Conjurations
 - Level 1.1 Summonings
 - Level 1.1 Translocations


You had 14 spell levels left.
You knew the following spells:

 Your Spells              Type           Power        Failure   Level  Hunger
a - Sting                 Tmut/Pois      ##..         6%          1    None
b - Blink                 Tloc           N/A          6%          2    None
c - Call Imp              Summ           ###.....     6%          2    None
d - Mephitic Cloud        Conj/Pois/Air  ###.....     6%          3    None
e - Magic Dart            Conj           ####         1%          1    None

Your spell library contained the following spells:

 Spells                   Type           Power        Failure   Level  Hunger
 Conjure Flame            Conj/Fire      ####....     3%          3    None
 Slow                     Hex            ##......     10%         2    None


Dungeon Overview and Level Annotations

Branches:
Dungeon (7/15)
 Temple: D:4-7

Altars:
Okawaru
Uskayaw
Vehumet
Wu Jian
Xom
Zin
The Shining One

Annotations:
D:3 2 runed translucent doors, Yorgos's ghost, amateur DsAK


Message History

The orc closely misses you. The orc misses you. The orc hits you.
* * * LOW HITPOINT WARNING * * *
The orc closely misses you. The orc closely misses you.
The orc closely misses you. The orc barely misses you.
The orc closely misses you. The orc misses you. The orc barely misses you.
The orc barely misses you. The orc barely misses you.
You block the orc's attack. The orc misses you. The orc barely misses you.
You block the orc's attack. The orc completely misses you. The orc hits you.
You die...

### ..# # #.# #
#.##.##.#
###########..o)...#
#.........# #@#
#.#..#.##.####.#
###>..<#.........#
.......#.##.######
###.#....##.#
#......##.#
####......#
########


You could see an orc.

Vanquished Creatures
  An ice beast (D:5)
  4 ogres
  A phantom (D:6)
  A big kobold (D:7)
  2 bullfrogs
  A scorpion (D:7)
  2 howler monkeys (D:7)
  2 jellies
  3 orc wizards
  2 orc priests
  A hound (D:5)
  Jessica (D:2)
  2 iguanas
  Terence (D:3)
  4 worker ants
  2 hound zombies
  A hound skeleton (D:6)
  A worker ant zombie (D:5)
  7 adders
  A shadow imp (D:5)
  An ooze (D:6)
  2 worms
  A dart slug (D:2)
  2 leopard geckos
  7 orcs
  3 ball pythons
  10 bats
  4 giant cockroaches
  9 goblins
  7 hobgoblins
  4 jackals
  6 quokkas
  5 frilled lizards
  14 kobolds
  3 rats
118 creatures vanquished.

Vanquished Creatures (collateral kills)
  Sigmund (D:2)
1 creature vanquished.

Grand Total: 119 creatures vanquished

Notes
Turn   | Place    | Note
-------+----------+-------------------------------------------
     0 | D:1      | Hasart the Deep Elf Wizard began the quest for the Orb.
     0 | D:1      | Reached XP level 1. HP: 10/10 MP: 7/7
   252 | D:1      | Reached XP level 2. HP: 15/15 MP: 6/9
   986 | D:1      | Reached XP level 3. HP: 19/19 MP: 7/11
  1225 | D:2      | Reached skill level 5 in Spellcasting
  1288 | D:2      | Learned a level 2 spell: Call Imp
  1291 | D:2      | Learned a level 2 spell: Blink
  1295 | D:2      | Learned a level 3 spell: Mephitic Cloud
  1460 | D:2      | Found a glowing silver altar of Zin.
  1475 | D:2      | Reached XP level 4. HP: 23/24 MP: 8/13
  1541 | D:2      | Found a glowing golden altar of the Shining One.
  1565 | D:2      | Noticed Jessica
  1570 | D:2      | Killed Jessica
  2154 | D:2      | Noticed Sigmund
  2165 | D:2      | Killed Sigmund
  2165 | D:2      | Reached XP level 5. HP: 28/28 MP: 3/15
  2165 | D:2      | Reached XP level 6. HP: 32/32 MP: 3/16
  2482 | D:3      | Found a large runed translucent door.
  2579 | D:3      | Noticed Yorgos's ghost (amateur DsAK)
  2580 | D:3      | Found a large runed translucent door.
  2733 | D:3      | Found an ornate altar of the Wu Jian Council.
  2908 | D:3      | Noticed Terence
  2916 | D:3      | Killed Terence
  3121 | D:4      | Reached skill level 6 in Spellcasting
  3121 | D:4      | Reached skill level 5 in Conjurations
  3223 | D:4      | Found a radiant altar of Vehumet.
  3231 | D:4      | Became a worshipper of Vehumet
  3647 | D:5      | Entered Level 5 of the Dungeon
  3728 | D:5      | Reached skill level 1 in Shields
  3728 | D:5      | Reached XP level 7. HP: 36/36 MP: 8/18
  3937 | D:5      | Reached skill level 5 in Dodging
  4156 | D:5      | Found a hide-covered altar of Uskayaw.
  4157 | D:5      | Found a shimmering altar of Xom.
  5348 | D:6      | Reached skill level 7 in Spellcasting
  5509 | D:6      | Got a smelly ring mail
  5510 | D:6      | Identified the cursed +0 ring mail of Wajy {MR+ Int+2} (You
                  | found it on level 6 of the Dungeon)
  5574 | D:6      | Reached XP level 8. HP: 39/41 MP: 14/20
  6092 | D:7      | Found an iron altar of Okawaru.
  6492 | D:7      | Reached * piety under Vehumet
  6492 | D:7      | Offered knowledge of Sting by Vehumet.
  6639 | D:7      | Learned a level 1 spell: Sting
  6680 | D:7      | Noticed a hippogriff
  7046 | D:6      | Upgraded the game from 0.24-a0-520-g8fd06ad0bc to
                  | 0.25-a0-285-gcba6f664f8
  7295 | D:7      | Reached skill level 8 in Spellcasting
  7364 | D:7      | HP: 1/41 [orc (3)]
  7379 | D:7      | Slain by an orc

Levels and vault maps discovered:
D:1:      dpeg_arrival_refuge, layout_basic, st_stairs_5
D:2:      layout_loops_corners, zin_treasury, nicolae_tso_carved_into_rock,
          uniq_sigmund, uniq_jessica
D:3:      layout_basic, lemuel_doored_altar, ebering_ghost_disaster_area,
          uniq_terence
D:4:      layout_cave_pools, vehumet_altar_wand_db
D:5:      layout_cave_pools, gammafunk_temple_overflow_statue, first_ration,
          minmay_starry_boxes
D:6:      layout_basic
D:7:      layout_loops_cross, grunt_dithmenos_shadows, minmay_temple_entry_hall,
          basic_altar, the_bakery

Skill      XL: |  1  2  3  4  5  6  7  8 |
---------------+-------------------------+-----
Conjurations   | 2 3 4 5 6 7 |  7.9
Dodging        | 3 4 5 6 |  6.5
Spellcasting   | 5 6 7 8 |  8.0
Shields        | 1 2 3 |  3.1
Stealth        | |  2.4
Summonings     | |  1.1
Translocations | |  1.1

Action                   |  1- 3 |  4- 6 |  7- 9 || total
-------------------------+-------+-------+-------++-------
Melee: Unarmed           |     6 |       |       ||     6
       Whip              |       |     3 |     9 ||    12
       Short sword       |       |     2 |       ||     2
 Cast: Magic Dart        |   101 |    90 |   195 ||   386
       Mephitic Cloud    |       |     5 |     9 ||    14
       Call Imp          |       |     1 |     5 ||     6
       Sting             |       |       |    24 ||    24
  Use: Scroll            |       |       |     3 ||     3
 Stab: Confused          |       |     1 |       ||     1
  Eat: Chunk             |     2 |     6 |     6 ||    14
       Ration            |       |       |     1 ||     1
Armor: Robe              |     6 |     1 |     9 ||    16
Dodge: Dodged            |    27 |     8 |   124 ||   159
       Deflected         |       |     1 |     1 ||     2
Block: Buckler           |       |       |    29 ||    29

Table legend:
 A = Non-vault XP
 B = Vault XP
 C = Vault XP percentage of total XP
 D = Non-vault monster count
 E = Vault monster count
 F = Vault count percentage of total count
                 A         B        C        D         E       F
            +---------+---------+-------+---------+---------+-------
      Total |    1950 |     353 |  15.3 |     110 |       9 |   7.6
            +---------+---------+-------+---------+---------+-------
        D:1 |      39 |       2 |   4.9 |      23 |       2 |   8.0
        D:2 |      96 |     250 |  72.3 |      26 |       2 |   7.1
        D:3 |      25 |      36 |  59.0 |      13 |       1 |   7.1
        D:4 |     170 |       2 |   1.2 |       4 |       1 |  20.0
        D:5 |     265 |      63 |  19.2 |       5 |       3 |  37.5
        D:6 |     553 |       0 |   0.0 |      18 |       0 |   0.0
        D:7 |     802 |       0 |   0.0 |      21 |       0 |   0.0
            +---------+---------+-------+---------+---------+-------
